 Dungeon Crawl Stone Soup version 0.30.1-11-g7821555f0a (webtiles) character file.

Game seed: 13764877913730551129

2566 anacleto the Grappler (level 9, -10/76 HPs)
             Began as a Troll Gladiator on Dec 9, 2023.
             Killed by divine providence
             ... invoked by an orc priest
              (11 damage)
             ... on level 7 of the Dungeon.
             The game lasted 00:16:14 (6919 turns).

anacleto the Grappler (Troll Gladiator)             Turns: 6919, Time: 00:16:15

Health: -10/76     AC: 10    Str: 28    XL:     9   Next: 31%
Magic:  8/8        EV:  9    Int:  4    God:
Gold:   588        SH:  0    Dex: 11    Spells: 8/8 levels left

rFire   . .          .
                       - Unarmed
rCold   . . .        (no shield)
rNeg    . . .        l - +0 swamp dragon scales
rPois   +            b - +0 hat
rElec   .            g - +0 cloak
rCorr   .            (gloves unavailable)
SInv    .            (boots unavailable)
Will    .....        (no amulet)
Stlth   +            (no ring)
HPRegen 1.12/turn    (no ring)
MPRegen 0.11/turn

%: no passive effects
@: no status effects
A: large, unfitting armour, claws 3, regeneration 1, shaggy fur 1, tough skin 1
a: no special abilities


You were on level 7 of the Dungeon.
You visited 2 branches of the dungeon, and saw 8 of its levels.
You also visited: Ossuary.

You collected 588 gold pieces.

Inventory:

Missiles
 a - 2 curare-tipped darts
 c - 3 throwing nets
 d - a large rock (quivered)
 e - 17 poisoned darts
Armour
 b - a +0 hat (worn)
 g - a +0 cloak (worn)
 l - +0 swamp dragon scales (worn)
Jewellery
 u - a ring of flight
 C - a +4 ring of slaying
 D - a ring of wizardry
 H - a ring of flight
Wands
 f - a wand of light (1)
 j - a wand of polymorph (6)
 r - a wand of roots (5)
 y - a wand of paralysis (8)
 G - a wand of flame (8)
Scrolls
 h - a scroll of teleportation
 i - a scroll of silence {unknown}
 k - a scroll of fear {unknown}
 m - a scroll of magic mapping {unknown}
 n - a scroll of poison {unknown}
 q - 3 scrolls of fog
 s - a scroll of blinking {unknown}
 t - a scroll of vulnerability {unknown}
 x - 2 scrolls of enchant armour {unknown}
 z - a scroll of identify
 F - a scroll of brand weapon {unknown}
Potions
 o - a potion of haste {unknown}
 p - 4 potions of mutation
 v - a potion of degeneration {unknown}
 w - a potion of might {unknown}
 A - a potion of heal wounds {unknown}
 B - 2 potions of invisibility {unknown}
 E - 3 potions of attraction {unknown}


   Skills:
 - Level 1.5 Fighting
 + Level 6.9 Throwing
 - Level 2.4 Dodging
 * Level 10.8 Unarmed Combat


You had 8 spell levels left.
You didn't know any spells.
Your spell library contained the following spells:

 Spells                   Type           Power      Damage    Failure   Level
 Shock                    Conj/Air       0%         1d3       63%         1
 Swiftness                Air            0%         N/A       94%         3
 Airstrike                Air            0%         2d(0-16)  100%        4


Dungeon Overview and Level Annotations

Branches:
Dungeon (7/15)             Temple (1/1) D:7         Ossuary (visited)

Altars:
Ashenzari
Dithmenos
Elyvilon
Gozag
Hepliaklqana
Kikubaaqudgha
Okawaru
Sif Muna
Uskayaw
Vehumet
Wu Jian
Yredelemnul
Zin
The Shining One
Lugonu

Shops:
D:6 (

Annotations:
D:2 1 runed translucent door, Crazy Yiuf


Innate Abilities, Weirdness & Mutations

You are too large for most types of armour.
You have claws for hands.
Your natural rate of healing is unusually fast.
You are covered in fur. (AC +1)
You have tough skin. (AC +1)


Message History

The orc warrior barely misses you.
The orc priest mumbles some strange prayers to Beogh against you.
Beogh smites you!
You scratch the orc warrior but do no damage.
The orc warrior is severely wounded.
The orc closely misses you.
The orc warrior hits you with a +0 scimitar!
You claw the orc!
You kill the orc!
The orc priest hits you but does no damage.
The orc warrior hits you with a +0 scimitar!
You closely miss the orc priest. You barely miss the orc priest.
The orc warrior hits you with a +0 scimitar!
The orc wizard barely misses you.
The orc priest hits you with a +0 flail.
* * * LOW HITPOINT WARNING * * *
You scratch the orc priest.
The orc priest is moderately wounded.
The orc warrior hits you with a +0 scimitar.
* * * LOW HITPOINT WARNING * * *
The orc wizard hits you but does no damage.
The orc priest hits you but does no damage.
You scratch the orc priest.
The orc priest is moderately wounded.
The orc warrior hits you but does no damage.
The orc wizard closely misses you.
The orc priest invokes the aid of Beogh against you.
Beogh smites you!
* * * LOW HITPOINT WARNING * * *
You closely miss the orc priest.
You claw the orc priest, but do no damage.
The orc priest is moderately wounded.
The orc warrior hits you with a +0 scimitar.
* * * LOW HITPOINT WARNING * * *
The orc wizard hits you with a +0 dagger.
* * * LOW HITPOINT WARNING * * *
The orc priest mumbles some strange prayers to Beogh against you.
Beogh smites you!
You die...

##............## #.####...# ##...
........#......###..##....###....
.......##...............>.....#..
..##....#..............###...###.
.###..................## #..####.
.###.................## ##.###..
.....................# #..##..
...............ooo...## ##.##..
................@)....#####.[.#..
......###........................
.....## ###.....###.............#
.##..# ##...## ###............
####.## ###.## #............ #
##.#####....## ##....##......
#.......##..####...#####.....
##.##..#####..##.....## #....#
##.###### #).........####..##


You could see an orc warrior, an orc priest and an orc wizard.

Vanquished Creatures
  Maggie (D:6)
  The ghost of xXxYeetmaster69xXx the Trooper, an amateur OgCA of Ignis (D:3)
  An orc warrior (D:6)
  2 water moccasins (D:7)
  3 ice beasts
  A phantom (D:5)
  3 elf zombies (Ossuary)
  4 bullfrogs
  2 scorpions (D:5)
  5 killer bees (D:6)
  2 hounds (D:6)
  A gnoll bouda (D:7)
  3 orc priests
  2 jellies
  2 iguanas (D:5)
  2 hound zombies (Ossuary)
  3 mummies (Ossuary)
  10 adders
  8 gnolls
  3 shadow imps
  2 white imps
  2 worms
  3 adder zombies (Ossuary)
  3 dart slugs
  22 orcs
  5 ball pythons
  4 endoplasms
  A giant cockroach (D:4)
  2 gnoll zombies (Ossuary)
  7 goblins
  7 hobgoblins
  8 jackals
  3 kobolds
  2 quokkas
  7 bats
  3 frilled lizards
  2 goblin zombies (Ossuary)
  6 hobgoblin zombies
  4 jackal zombies (Ossuary)
  5 kobold zombies (Ossuary)
  An orc zombie (Ossuary)
  8 quokka zombies (Ossuary)
  2 rats
  A rat zombie (Ossuary)
  A spectral orc (D:5)
170 creatures vanquished.

Vanquished Creatures (others)
  2 orcs (D:6)
2 creatures vanquished.

Grand Total: 172 creatures vanquished

Notes
Turn   | Place    | Note
-------+----------+-------------------------------------------
     0 | D:1      | anacleto the Troll Gladiator began the quest for the Orb.
     0 | D:1      | Reached XP level 1. HP: 19/19 MP: 0/0
   276 | D:1      | Reached XP level 2. HP: 27/27 MP: 1/1
   638 | D:2      | Reached XP level 3. HP: 26/33 MP: 2/2
   740 | D:2      | Found a runed translucent door.
   741 | D:2      | Noticed Crazy Yiuf
   932 | D:2      | Reached skill level 4 in Unarmed Combat
  1140 | D:2      | Reached XP level 4. HP: 41/41 MP: 3/3
  1714 | D:3      | Found a runed translucent door.
  1715 | D:3      | Noticed a bullfrog
  1725 | D:3      | Noticed xXxYeetmaster69xXx's ghost (amateur OgCA)
  2134 | D:3      | Found a glowing golden altar of the Shining One.
  2256 | D:3      | Killed a bullfrog
  2257 | D:3      | Reached skill level 5 in Unarmed Combat
  2257 | D:3      | Reached XP level 5. HP: 47/48 MP: 4/4
  2277 | D:3      | Killed xXxYeetmaster69xXx's ghost
  2278 | D:3      | Reached skill level 6 in Unarmed Combat
  2278 | D:3      | Reached XP level 6. HP: 14/55 MP: 5/5
  3186 | D:5      | Entered Level 5 of the Dungeon
  3245 | D:5      | Reached XP level 7. HP: 57/62 MP: 6/6
  3267 | D:5      | Reached skill level 7 in Unarmed Combat
  3474 | D:5      | Found a hide-covered altar of Uskayaw.
  3767 | D:5      | Found a basalt altar of Yredelemnul.
  3837 | D:5      | Found an ancient bone altar of Kikubaaqudgha.
  4003 | D:6      | Found Nuink's Antique Weapon Emporium.
  4069 | D:6      | Found a sand-covered staircase.
  4079 | Ossuary  | Entered an ossuary
  4258 | Ossuary  | Reached skill level 5 in Throwing
  4258 | Ossuary  | Reached skill level 8 in Unarmed Combat
  4350 | Ossuary  | Reached XP level 8. HP: 65/70 MP: 7/7
  4482 | D:6      | Found a hazy altar of Hepliaklqana.
  4484 | D:6      | Noticed Maggie
  4518 | D:6      | Killed Maggie
  4519 | D:6      | Reached skill level 9 in Unarmed Combat
  4735 | D:6      | Reached skill level 10 in Unarmed Combat
  5309 | D:6      | Reached XP level 9. HP: 76/76 MP: 8/8
  5533 | D:7      | Found a staircase to the Ecumenical Temple.
  5537 | D:7      | Identified the +7 whip of Urgency {heavy, Will+}
  6030 | Temple   | Entered the Ecumenical Temple
  6919 | D:7      | HP: 3/76 [orc warrior/+0 scimitar (2)]
  6919 | D:7      | HP: 1/76 [orc wizard/+0 dagger (2)]
  6919 | D:7      | Killed from afar by an orc priest

Illustrated notes

Levels and vault maps discovered:
D:1:      lemuel_arrival_hallway, layout_rooms, minmay_heptomino_h4
D:2:      minmay_skewed_foursquare, layout_rooms, uniq_crazy_yiuf_cottage
D:3:      layout_basic, tso_oasis_becter, ebering_ghost_sewer_d,
          minmay_increasing_density
D:4:      layout_basic
D:5:      layout_basic, yredelemnul_forgotten_temple_becter,
          nicolae_uskayaw_dance_hall, kennysheep_mini
D:6:      layout_loops_ring, mainiacjoe_overflow_cross_hatched, enter_ossuary_3,
          serial_shops, nicolae_shop_window_shopping, uniq_maggie
D:7:      layout_layer_cave, minmay_temple_entry_wispy
Temple:   kb_corrupted_temple

Skill      XL: |  1  2  3  4  5  6  7  8 |
---------------+-------------------------+-----
Throwing       | 2 3 4 5 6 |  6.9
Unarmed Combat | 4 5 6 8 10 | 10.8
Fighting       | |  1.5
Dodging        | |  2.4

Action                     |  1- 3 |  4- 6 |  7- 9 || total
---------------------------+-------+-------+-------++-------
  Melee: Unarmed           |    84 |   117 |   280 ||   481
         Punch             |     1 |       |    12 ||    13
  Throw: Dart              |       |     9 |    13 ||    22
         Large rock        |       |       |     1 ||     1
         Throwing net      |       |       |     1 ||     1
  Evoke: Wand              |       |       |     1 ||     1
    Use: Scroll            |       |       |     4 ||     4
         Potion            |       |       |     4 ||     4
 Armour: Robe              |    58 |    41 |    57 ||   156
         Skin              |       |       |     7 ||     7
         Swamp dragon scal |       |       |    59 ||    59
  Dodge: Dodged            |    94 |    59 |   132 ||   285
